 Dungeon Crawl Stone Soup version 0.31-a0-667-g39726597b9 (webtiles) character file.

Game seed: 12428087401347818033

20852 Zonian the Skirmisher (level 12, -9/95 HPs)
             Began as a Gnoll Hunter on Sept 3, 2023.
             Was an Elder of Zin (penitent).
             Mangled by a white very ugly thing (14 damage)
             ... on level 2 of the Abyss.
             The game lasted 01:10:43 (23180 turns).

Zonian the Skirmisher (Gnoll Hunter)               Turns: 23180, Time: 01:10:43

Health: -9/95      AC: 11    Str: 11    XL:     12   Next: 83%
Magic:  21/23      EV: 21    Int:  8    God:    Zin [****..]
Gold:   432        SH:  0    Dex: 21    Spells: 12/26 levels left

rFire   . . .        r - +2 short sword (elec)
rCold   + . .        (no shield)
rNeg    . . .        l - +0 ring mail {rC+}
rPois   .            e - +2 helmet
rElec   .            j - +0 cloak
rCorr   .            (no gloves)
SInv    .            (no boots)
Will    .....        (no amulet)
Stlth   ++++         q - +5 ring of evasion
HPRegen 0.35/turn    (no ring)
MPRegen 0.18/turn

%: no passive effects
@: mighty, sluggish, very slow
A: fangs 1, strong nose, distributed training, MP-powered wands
a: Renounce Religion, Donate Gold


You were on level 2 of the Abyss.
You worshipped Zin.
Zin was demanding penance.
You visited 2 branches of the dungeon, and saw 12 of its levels.
You visited the Abyss 1 time.

You collected 899 gold pieces.
You donated 467 gold pieces to Zin.

Inventory:

Hand Weapons
 a - a +3 shortbow
 d - a +4 dagger of holy wrath
 f - a +0 dagger
 o - a +0 orcbow
 r - a +2 short sword of electrocution (weapon)
 t - a +0 sling
 v - a +0 long sword
 x - a +5 flail of protection
 z - a +5 flail
 A - a +3 long sword
 C - a +0 short sword of venom
 E - a +1 trident of freezing
 G - a +5 war axe
 K - a +1 dagger of speed
Missiles
 k - 3 boomerangs
 w - 4 javelins
 L - 6 poisoned darts
Armour
 c - a +0 leather armour
 e - a +2 helmet (worn)
 j - a +0 cloak (worn)
 l - a +0 ring mail of cold resistance (worn)
Magical Staves
 s - a staff of conjuration
 y - a staff of conjuration
Jewellery
 q - a +5 ring of evasion (left hand)
Talismans
 h - a beast talisman
Wands
 m - a wand of charming (2)
 B - a wand of mindburst (1)
 J - a wand of flame (15)
Scrolls
 g - 3 scrolls of vulnerability
 n - 3 scrolls of amnesia
 F - a scroll of torment
 I - a scroll of revelation
 M - a scroll of identify
 P - a scroll of silence
Potions
 i - a potion of brilliance
 u - 3 potions of might
 H - a potion of enlightenment {unknown}
Miscellaneous
 O - a condenser vane (inert)


   Skills:
 + Level 9.1 Fighting
 + Level 7.8 Short Blades
 + Level 7.8 Long Blades
 + Level 7.8 Axes
 + Level 7.8 Maces & Flails
 + Level 7.8 Polearms
 + Level 7.8 Staves
 + Level 11.5 Ranged Weapons
 + Level 7.8 Throwing
 + Level 7.8 Armour
 + Level 9.1 Dodging
 + Level 8.2 Stealth
 + Level 7.8 Shields
 + Level 7.8 Unarmed Combat
 + Level 7.8 Spellcasting
 + Level 6.5 Conjurations
 + Level 6.5 Hexes
 + Level 6.5 Summonings
 + Level 6.5 Necromancy
 + Level 6.5 Translocations
 + Level 6.5 Transmutations
 + Level 6.5 Fire Magic
 + Level 6.5 Ice Magic
 + Level 6.5 Air Magic
 + Level 6.5 Earth Magic
 + Level 6.5 Poison Magic
 + Level 8.5 Invocations
 + Level 7.8 Evocations
 + Level 7.1 Shapeshifting


You had 12 spell levels left.
You knew the following spells:

 Your Spells              Type           Power      Damage    Failure   Level
a - Swiftness             Air            13%        N/A       9%          3
b - Ensorcelled Hibernat  Hex/Ice        26%        N/A       4%          2
c - Passwall              Tmut/Erth      10%        N/A       4%          2
d - Mephitic Cloud        Conj/Pois/Air  13%        N/A       9%          3
e - Poisonous Vapours     Pois/Air       26%        N/A       4%          2
f - Scorch                Fire           26%        2d6       4%          2

Your spell library contained the following spells:

 Spells                   Type           Power      Damage    Failure   Level
 Summon Small Mammal      Summ           52%        N/A       2%          1
 Call Canine Familiar     Summ           13%        N/A       9%          3
 Dazzling Flash           Conj/Hex       26%        N/A       9%          3
 Summon Guardian Golem    Hex/Summ       13%        N/A       9%          3
 Tukima's Dance           Hex            13%        N/A       9%          3
 Flame Wave               Conj/Fire      13%        2d6       28%         4
 Passage of Golubria      Tloc           13%        N/A       28%         4
 Agony                    Necr           13%        N/A       61%         5
 Freezing Cloud           Conj/Ice/Air   6%         6-21      61%         5
 Silence                  Hex/Air        6%         N/A       61%         5
 Yara's Violent Unravell  Hex/Tmut       6%         3d5       61%         5
 Summon Cactus Giant      Summ           6%         N/A       99%         6


Dungeon Overview and Level Annotations

Branches:
Dungeon (9/15)             Temple (0/1) D:7            Lair (3/5) D:9
 Shoals (0/4) Lair:2          Orc (0/2) D:9
  Snake: Lair:2-3    Spider: Lair:2-3

Altars:
Kikubaaqudgha
Makhleb
Qazlal
Sif Muna
Trog
Uskayaw
Wu Jian
Zin

Shops:
D:7 [   D:9 =

Annotations:
D:6 2 transporters, Goober42's ghost, novice MiFi
D:9 2 transporters
Lair:3 Sonja


Innate Abilities, Weirdness & Mutations

You have very sharp teeth.
Your uncanny sense of smell can sniff out nearby items.
Your experience applies equally to all skills.
You expend magic power (3 MP) to strengthen your wands.


Message History

The white very ugly thing is lightly wounded.
The small abomination closely misses you.
You hit the white very ugly thing.
The white very ugly thing is lightly wounded.
The purple ugly thing is engulfed in freezing vapours.
The white very ugly thing is engulfed in freezing vapours.
Unknown command.
You hit the purple ugly thing.
The purple ugly thing is heavily wounded.
The white very ugly thing completely misses you. x2
Unknown command.
You barely miss the purple ugly thing.
You bite the purple ugly thing, but do no damage.
The purple ugly thing is heavily wounded.
The small abomination is engulfed in freezing vapours.
The purple ugly thing basks in the mutagenic energy from its kin and changes!
Unknown command.
Okay, then.
You hit the white ugly thing. Your punch misses the white ugly thing.
The white ugly thing is heavily wounded.
The white very ugly thing claws you!!
* * * LOW HITPOINT WARNING * * *
The white very ugly thing freezes you!! You resist. Zin protects you from harm!
The white very ugly thing completely misses you.
The small abomination is engulfed in freezing vapours.
You destroy the small abomination!
Zin accepts your kill.
You hit the white ugly thing.
Lightning courses through the white ugly thing!!
The white ugly thing is almost dead.
The white very ugly thing basks in the mutagenic energy from its kin and changes!
The white very ugly thing is engulfed in freezing vapours.
Unknown command.
You puncture the white ugly thing!
Lightning courses through the white ugly thing!
You kill the white ugly thing!
Zin accepts your kill.
The white very ugly thing trunk-slaps you!
You die...

.x. #. .
..## . #..
###. . #..
#.## ##.
.... # # ..
.. #.#. . .
# #.
.#.###### .#
#u.###.§.uu#
. ..# .
.u..#u†@# .
. . u#..
#§### . .u #
..X## .. X
...#.§§.. ..
─w#. #.§####
...# # #..#
. ... # ...
###. . .


You could see 3 very ugly things and a large abomination (corroded).

Vanquished Creatures
  A tentacled starspawn (Abyss:2)
  A skyshark (Lair:2)
  Pikel (D:8)
  An ugly thing (Abyss:2)
  4 elephants (Lair:1)
  2 black mambas (Lair:2)
  A cane toad (Lair:1)
  14 komodo dragons
  A polar bear (Lair:2)
  A troll (D:9)
  Grinder (D:3)
  3 wyverns
  A basilisk (Lair:1)
  2 large abominations (Abyss:2)
  2 fire bats (Abyss:2)
  23 yaks
  Edmund (D:6)
  10 water moccasins
  A black bear (D:8)
  An ice beast (D:7)
  7 orc warriors
  2 sky beasts
  8 centaurs
  19 wolves
  2 phantoms
  3 lemures
  3 kobold brigands
  13 bullfrogs
  3 scorpions
  17 wights
  A small abomination (Abyss:2)
  A howler monkey (D:9)
  3 hounds
  A quasit (Abyss:2)
  4 jellies
  3 orc priests (D:9)
  2 gnoll boudas (D:5)
  7 iguanas
  A sleepcap (D:8)
  8 orc wizards
  4 hell rats (Lair:1)
  Robin (D:3)
  9 gnolls
  7 adders
  A white imp (D:7)
  An ufetubus (D:4)
  2 worms
  3 dart slugs
  43 orcs
  7 endoplasms
  4 giant cockroaches
  18 goblins
  7 hobgoblins
  4 jackals (D:3)
  27 kobolds
  6 quokkas
  8 ball pythons
  3 bats
  A frilled lizard (D:1)
  4 rats
340 creatures vanquished.

Vanquished Creatures (others)
  A bat (D:3)
  2 starspawn tentacles (Abyss:2)
3 creatures vanquished.

Grand Total: 343 creatures vanquished

Notes
Turn   | Place    | Note
-------+----------+-------------------------------------------
     0 | D:1      | Zonian the Gnoll Hunter began the quest for the Orb.
     0 | D:1      | Reached XP level 1. HP: 20/20 MP: 1/1
    88 | D:1      | Reached XP level 2. HP: 26/26 MP: 2/2
   498 | D:1      | Reached XP level 3. HP: 31/31 MP: 3/3
   632 | D:2      | Reached skill level 1 in Invocations
  1445 | D:3      | Reached skill level 1 in Short Blades
  1445 | D:3      | Reached skill level 1 in Long Blades
  1445 | D:3      | Reached skill level 1 in Axes
  1445 | D:3      | Reached skill level 1 in Maces & Flails
  1445 | D:3      | Reached skill level 1 in Polearms
  1445 | D:3      | Reached skill level 1 in Staves
  1445 | D:3      | Reached skill level 1 in Throwing
  1445 | D:3      | Reached skill level 1 in Armour
  1445 | D:3      | Reached skill level 1 in Shields
  1445 | D:3      | Reached skill level 1 in Unarmed Combat
  1445 | D:3      | Reached skill level 1 in Spellcasting
  1445 | D:3      | Reached skill level 1 in Evocations
  1713 | D:3      | Noticed Grinder
  2018 | D:3      | Found a faded altar of an unknown god.
  2034 | D:3      | Prayed at the altar of an unknown god.
  2034 | D:3      | Became a worshipper of Zin the Law-Giver
  2034 | D:3      | Reached * piety under Zin
  2054 | D:3      | Noticed Robin
  2067 | D:3      | Reached XP level 4. HP: 29/38 MP: 5/5
  2075 | D:3      | Gained mutation: You expend magic power (3 MP) to
                  | strengthen your wands. [potion of mutation]
  2087 | D:3      | Killed Robin
  2088 | D:3      | Reached skill level 1 in Shapeshifting
  2312 | D:3      | Donated 39 gold pieces to Zin
  2450 | D:3      | Reached ** piety under Zin
  2453 | D:3      | Donated 33 gold pieces to Zin
  2484 | D:3      | Paralysed by Grinder for 4 turns
  2490 | D:3      | Killed Grinder
  2491 | D:3      | Reached skill level 1 in Conjurations
  2491 | D:3      | Reached skill level 1 in Hexes
  2491 | D:3      | Reached skill level 1 in Summonings
  2491 | D:3      | Reached skill level 1 in Necromancy
  2491 | D:3      | Reached skill level 1 in Translocations
  2491 | D:3      | Reached skill level 1 in Transmutations
  2491 | D:3      | Reached skill level 1 in Fire Magic
  2491 | D:3      | Reached skill level 1 in Ice Magic
  2491 | D:3      | Reached skill level 1 in Air Magic
  2491 | D:3      | Reached skill level 1 in Earth Magic
  2491 | D:3      | Reached skill level 1 in Poison Magic
  2491 | D:3      | Reached XP level 5. HP: 37/43 MP: 4/7
  2491 | D:3      | Reached XP level 6. HP: 43/50 MP: 4/8
  2734 | D:3      | Reached skill level 5 in Fighting
  2734 | D:3      | Reached skill level 5 in Dodging
  2781 | D:3      | Found a stormy altar of Qazlal.
  4106 | D:5      | Entered Level 5 of the Dungeon
  4329 | D:5      | Reached *** piety under Zin
  4330 | D:5      | Donated 58 gold pieces to Zin
  4506 | D:5      | Reached XP level 7. HP: 26/56 MP: 10/10
  5720 | D:5      | Reached skill level 9 in Ranged Weapons
  6186 | D:6      | Noticed Goober42's ghost (novice MiFi)
  6189 | D:6      | Noticed a yak
  6219 | D:6      | Reached XP level 8. HP: 18/63 MP: 9/12
  6510 | D:6      | Found a transporter.
  6514 | D:6      | Found a transporter.
  6528 | D:6      | Donated 55 gold pieces to Zin
  7265 | D:6      | Noticed Edmund
  7392 | D:6      | Found a hide-covered altar of Uskayaw.
  7430 | D:6      | Found a shimmering blue altar of Sif Muna.
  7475 | D:6      | Reached **** piety under Zin
  7587 | D:6      | Killed Edmund
  8026 | D:7      | Found Omeyw's Antique Armour Emporium.
  8443 | D:7      | Reached XP level 9. HP: 67/69 MP: 14/14
  8643 | D:7      | HP: 3/69 [orc wizard/puff of flame (11)]
  8653 | D:7      | HP: 3/69 [something (4)]
  9537 | D:7      | Reached skill level 5 in Stealth
 10220 | D:7      | Reached skill level 5 in Invocations
 10221 | D:7      | Found a staircase to the Ecumenical Temple.
 10461 | D:8      | Reached ***** piety under Zin
 10691 | D:8      | Found an ancient bone altar of Kikubaaqudgha.
 10691 | D:8      | Found a bloodstained altar of Trog.
 10693 | D:8      | Found a glowing silver altar of Zin.
 10693 | D:8      | Found a burning altar of Makhleb.
 10873 | D:8      | Found an ornate altar of the Wu Jian Council.
 10874 | D:8      | Noticed Pikel
 11188 | D:8      | Reached XP level 10. HP: 51/77 MP: 17/17
 11415 | D:8      | Killed Pikel
 11416 | D:8      | Reached skill level 5 in Short Blades
 11416 | D:8      | Reached skill level 5 in Long Blades
 11416 | D:8      | Reached skill level 5 in Axes
 11416 | D:8      | Reached skill level 5 in Maces & Flails
 11416 | D:8      | Reached skill level 5 in Polearms
 11416 | D:8      | Reached skill level 5 in Staves
 11416 | D:8      | Reached skill level 10 in Ranged Weapons
 11416 | D:8      | Reached skill level 5 in Throwing
 11416 | D:8      | Reached skill level 5 in Armour
 11416 | D:8      | Reached skill level 5 in Shields
 11416 | D:8      | Reached skill level 5 in Unarmed Combat
 11416 | D:8      | Reached skill level 5 in Spellcasting
 11416 | D:8      | Reached skill level 5 in Evocations
 12393 | D:9      | Reached skill level 5 in Shapeshifting
 12618 | D:9      | Noticed a red ugly thing
 12622 | D:9      | Found a transporter.
 12630 | D:9      | Noticed a white ugly thing
 12631 | D:9      | Noticed a purple ugly thing
 12632 | D:9      | Noticed a brown ugly thing
 13392 | D:9      | Found a staircase to the Lair.
 13816 | D:9      | Learned a level 3 spell: Swiftness
 13819 | D:9      | Learned a level 2 spell: Ensorcelled Hibernation
 13822 | D:9      | Learned a level 2 spell: Passwall
 14294 | D:9      | Donated 193 gold pieces to Zin
 14307 | D:9      | Found a staircase to the Orcish Mines.
 14557 | D:9      | Found a transporter.
 14558 | D:9      | Noticed a green ugly thing
 14720 | D:8      | Reached XP level 11. HP: 74/84 MP: 19/19
 15377 | D:9      | Found Gifusyer's Jewellery Emporium.
 15401 | D:9      | Reached skill level 5 in Conjurations
 15401 | D:9      | Reached skill level 5 in Hexes
 15401 | D:9      | Reached skill level 5 in Summonings
 15401 | D:9      | Reached skill level 5 in Necromancy
 15401 | D:9      | Reached skill level 5 in Translocations
 15401 | D:9      | Reached skill level 5 in Transmutations
 15401 | D:9      | Reached skill level 5 in Fire Magic
 15401 | D:9      | Reached skill level 5 in Ice Magic
 15401 | D:9      | Reached skill level 5 in Air Magic
 15401 | D:9      | Reached skill level 5 in Earth Magic
 15401 | D:9      | Reached skill level 5 in Poison Magic
 16703 | Lair:1   | Entered Level 1 of the Lair of Beasts
 17530 | Lair:1   | Noticed a death yak
 18841 | Lair:1   | Learned a level 3 spell: Mephitic Cloud
 18844 | Lair:1   | Learned a level 2 spell: Poisonous Vapours
 18847 | Lair:1   | Learned a level 2 spell: Scorch
 18857 | Lair:1   | Noticed a death yak
 18861 | Lair:1   | Noticed a death yak
 18861 | Lair:1   | Noticed a death yak
 19174 | Lair:1   | Noticed a death yak
 19681 | Lair:2   | Found a staircase to the Shoals.
 20108 | Lair:2   | Reached skill level 11 in Ranged Weapons
 20339 | Lair:2   | Reached XP level 12. HP: 94/94 MP: 15/22
 21639 | Lair:2   | Noticed a skyshark
 21655 | Lair:2   | Killed a skyshark
 22973 | Lair:3   | Noticed Sonja
 22978 | Abyss:2  | Cast into level 2 of the Abyss (Sonja)
 23031 | Abyss:2  | Noticed a tentacled starspawn
 23137 | Abyss:2  | Noticed a white very ugly thing
 23137 | Abyss:2  | Noticed a tentacled starspawn
 23142 | Abyss:2  | Noticed a white very ugly thing
 23145 | Abyss:2  | Noticed a white very ugly thing
 23166 | Abyss:2  | Was placed under penance by Zin
 23171 | Abyss:2  | Killed a tentacled starspawn
 23178 | Abyss:2  | HP: 4/95 [white very ugly thing (18)]
 23178 | Abyss:2  | Zin protects you from harm!
 23180 | Abyss:2  | Mangled by a white very ugly thing

Illustrated notes

Levels and vault maps discovered:
D:1:      dpeg_arrival_orchard, layout_loops_ring
D:2:      layout_loops_corners
D:3:      layout_loops_ring, grunt_qazlal_clouds,
          hellmonk_ecumenical_altar_pennies_from_heaven, uniq_grinder,
          uniq_robin
D:4:      minmay_octagon_keep, layout_basic, serial_glass, glass_columns_a,
          glass_columns_a, glass_columns_b, glass_columns_a, glass_columns_a,
          glass_columns_a, dreamdust_mushroom_princess
D:5:      layout_basic, corexii_hall_statues_l
D:6:      layout_layer_cave, led_sif_pool, mainiacjoe_overflow_alcove_1,
          gammafunk_ghost_arena, minmay_misc_feat_alley, uniq_edmund
D:7:      minmay_recursive_quarters, layout_basic, temple_fountains,
          serial_shops, shop, minmay_starry_boxes
D:8:      layout_basic, nicolae_wu_jian_wuxing_cycle,
          mainiacjoe_overflow_alcove_3, uniq_pikel
D:9:      gammafunk_corrupted_shrine, layout_irregular_city,
          david_lair_shrubbed, david_orc_5, minmay_shop_enchanted_jewellery,
          centaur_isle
Lair:1:   layout_chaotic_city, infiniplex_staircase_pool
Lair:2:   layout_chaotic_city, elwin_shoals_entry_rocks, beast_lair_carwin_10
Lair:3:   beast_lair_carwin_large_1, layout_cave_pods, dummy_snake_entry,
          wad_woods_03, uniq_nessos, uniq_sonja
Abyss:2:  base:
D:2

Skill      XL: |  1  2  3  4  5  6  7  8  9 10 11 12 |
---------------+-------------------------------------+-----
Invocations    | 1 2 3 4 5 6 7 8 |  8.5
Short Blades   | 1 2 3 4 5 6 7 |  7.8
Long Blades    | 1 2 3 4 5 6 7 |  7.8
Axes           | 1 2 3 4 5 6 7 |  7.8
Maces & Flails | 1 2 3 4 5 6 7 |  7.8
Polearms       | 1 2 3 4 5 6 7 |  7.8
Staves         | 1 2 3 4 5 6 7 |  7.8
Throwing       | 1 2 3 4 5 6 7 |  7.8
Armour         | 1 2 3 4 5 6 7 |  7.8
Shields        | 1 2 3 4 5 6 7 |  7.8
Unarmed Combat | 1 2 3 4 5 6 7 |  7.8
Spellcasting   | 1 2 3 4 5 6 7 |  7.8
Evocations     | 1 2 3 4 5 6 7 |  7.8
Shapeshifting  | 1 2 3 4 5 6 7 |  7.1
Stealth        | 3 4 5 6 7 8 |  8.2
Conjurations   | 1 2 3 4 5 6 |  6.5
Hexes          | 1 2 3 4 5 6 |  6.5
Summonings     | 1 2 3 4 5 6 |  6.5
Necromancy     | 1 2 3 4 5 6 |  6.5
Translocations | 1 2 3 4 5 6 |  6.5
Transmutations | 1 2 3 4 5 6 |  6.5
Fire Magic     | 1 2 3 4 5 6 |  6.5
Ice Magic      | 1 2 3 4 5 6 |  6.5
Air Magic      | 1 2 3 4 5 6 |  6.5
Earth Magic    | 1 2 3 4 5 6 |  6.5
Poison Magic   | 1 2 3 4 5 6 |  6.5
Fighting       | 5 6 7 8 9 |  9.1
Dodging        | 5 6 7 8 9 |  9.1
Ranged Weapons | 9 10 11 | 11.5

Action                     |  1- 3 |  4- 6 |  7- 9 | 10-12 || total
---------------------------+-------+-------+-------+-------++-------
  Melee: Short sword       |       |       |   101 |   711 ||   812
         Bite              |       |       |    13 |   108 ||   121
         Flail             |       |       |    29 |    40 ||    69
         Punch             |       |       |     1 |    52 ||    53
         Dagger            |       |       |       |    21 ||    21
   Fire: Shortbow          |    96 |   191 |   352 |   189 ||   828
   Cast: Passwall          |       |       |       |     1 ||     1
         Swiftness         |       |       |       |     2 ||     2
 Invoke: Donate Gold       |       |     3 |     1 |     1 ||     5
         Vitalisation      |       |     1 |     3 |    10 ||    14
         Recite            |       |     1 |     2 |     4 ||     7
         Imprison          |       |       |       |     3 ||     3
         Sanctuary         |       |       |       |     1 ||     1
  Evoke: Wand              |       |       |       |    40 ||    40
         Condenser vane    |       |       |       |     2 ||     2
    Use: Potion            |       |     4 |     2 |     8 ||    14
         Scroll            |       |     4 |     9 |     9 ||    22
   Stab: Sleeping          |       |       |     3 |     1 ||     4
         Distracted        |       |       |       |     2 ||     2
         Invisible         |       |       |       |     1 ||     1
 Armour: Leather armour    |    20 |    46 |    60 |       ||   126
         Ring mail         |       |       |   184 |   358 ||   542
  Dodge: Dodged            |    30 |    61 |   212 |   799 ||  1102

Table legend: (Time is in decaauts)
 A = Elapsed time spent in this place.
 B = Non-inter-level travel time spent in this place.
 C = Inter-level travel time spent in this place.
 D = Time resting spent in this place.
 E = Time spent auto-exploring this place.
 F = Levels seen in this place.
 G = Mean time per level.
                   A        B        C        D        E       F      G
               +--------+--------+--------+--------+--------+-----+--------+
         Total |  22944 |  22426 |    518 |  11774 |   5902 |  13 | 1764.9 |
       Dungeon |  16648 |  16150 |    498 |   7970 |   5038 |   9 | 1849.8 |
          Lair |   6111 |   6091 |     20 |   3763 |    864 |   3 | 2037.0 |
         Abyss |    184 |    184 |      0 |     41 |      0 |   1 |  184.0 |
               +--------+--------+--------+--------+--------+-----+--------+

Top non-repeatable levels by time:
     D:9: 4135 daAuts
  Lair:2: 3000 daAuts
     D:7: 2754 daAuts
  Lair:1: 2488 daAuts
     D:5: 2018 daAuts
     D:8: 1965 daAuts
     D:4: 1461 daAuts
     D:6: 1328 daAuts
     D:3: 1315 daAuts
     D:2: 1089 daAuts
  Lair:3: 622 daAuts
     D:1: 581 daAuts
 Abyss:2: 184 daAuts
